 Dungeon Sprint DCSS version 0.28-a0-1518-gbe868bca14 (webtiles) character file.

Game seed: 12481961259793515971

3164 mhtbhm the Cleaver (level 9, -9/102 HPs)
             Began as a Troll Berserker on Jan 16, 2022.
             Was a High Priest of Trog.
             Killed from afar by Dowan (28 damage)
             ... with a bolt of fire
             ... in the Dungeon (Sprint III: "The Ten Rune Challenge").
             The game lasted 00:03:10 (1426 turns).

mhtbhm the Cleaver (Troll Berserker)                Turns: 1426, Time: 00:03:12

Health: -9/102     AC:  6    Str: 31    XL:     9   Next: 63%
Magic:  8/8        EV: 12    Int:  3    God:    Trog [*****.]
Gold:   26         SH:  0    Dex:  9    Spells: 8/8 levels left

rFire   . . .      SeeInvis .   a - +0 hand axe
rCold   . . .      Faith    .   (no shield)
rNeg    . . .      Spirit   .   b - +0 animal skin
rPois   +          Reflect  .   (helmet restricted)
rElec   .          Harm     .   j - +1 cloak {rPois}
rCorr   .          Rampage  .   (gloves unavailable)
Will    .....      NoTele   +   (boots unavailable)
Stlth   +.........              (no amulet)
HPRegen 1.07/turn               (no ring)
MPRegen 0.11/turn               (no ring)

@: lethally poisoned (-9 -> -15), on berserk cooldown, slowed, very slow
A: large, unfitting armour, claws 3, regeneration 1, shaggy fur 1, tough skin 1
a: Renounce Religion, Berserk, Trog's Hand, Brothers in Arms


You were in the Dungeon.
You worshipped Trog.
Trog was extremely pleased with you.
You visited 1 branch You collected 26 gold pieces.

Inventory:

Hand Weapons
 a - a +0 hand axe (weapon)
Armour
 b - a +0 animal skin (worn)
 j - a +1 cloak of poison resistance (worn)
Scrolls
 h - a scroll of blinking
 l - 2 scrolls of immolation {unknown}
 m - a scroll of identify {unknown}
 n - a scroll of vulnerability {unknown}
Potions
 c - a potion of curing
 e - a potion of haste
 f - 2 potions of magic
 g - a potion of berserk rage
 i - 5 potions of flight
 k - 4 potions of mutation {unknown}
Miscellaneous
 o - a piece from Xom's chessboard (15/15)


   Skills:
 + Level 10.7 Fighting
 + Level 13.3 Axes
 + Level 9.4 Dodging
 + Level 0.9 Stealth


You had 8 spell levels left.
You didn't know any spells.
Your spell library was empty.

Dungeon Overview and Level Annotations

Branches:
Dungeon (1/1)

Altars:
Cheibriados
Dithmenos
Elyvilon
Fedhas
Gozag
Hepliaklqana
Kikubaaqudgha
Makhleb
Nemelex Xobeh
Okawaru
Qazlal
Ru
Sif Muna
Trog
Uskayaw
Vehumet
Wu Jian
Xom
Yredelemnul
Zin
The Shining One
Beogh
Jiyva
Lugonu

Annotations:
D Dowan, Duvessa


Innate Abilities, Weirdness & Mutations

You are too large for most types of armour.
You have claws for hands.
Your natural rate of healing is unusually fast.
You are covered in fur. (AC +1)
You have tough skin. (AC +1)


Message History

You slash Duvessa!
Duvessa is almost dead.
You hit Dowan. You barely miss Duvessa.
Duvessa is almost dead.
You slash Dowan!
You are no longer berserk.
You are exhausted.
You feel as though you will be slow longer.
Duvessa hits you with a +0 great sword of freezing!
* * * LOW HITPOINT WARNING * * *
Duvessa freezes you.
* * * LOW HITPOINT WARNING * * *
Dowan hits you with a +0 morningstar of distortion.
* * * LOW HITPOINT WARNING * * *
Space warps around you!
* * * LOW HITPOINT WARNING * * *
Unknown command.
Unknown command.
Press: ? - help, v - describe, . - travel
Here: Dowan, wielding a +0 morningstar of distortion (severely wounded)
The floor, spattered with blood.
Unknown command.
You feel much better. Duvessa misses you. Duvessa barely misses you.
Dowan hits you with a +0 morningstar of distortion.
* * * LOW HITPOINT WARNING * * *
Space warps around you.
* * * LOW HITPOINT WARNING * * *
Duvessa closely misses you.
Unknown command.
Okay, then.
Okay, then.
Duvessa throws a curare-tipped dart.
The curare-tipped dart hits you.
You are poisoned.
You have difficulty breathing.
* * * LOW HITPOINT WARNING * * *
You feel as though you will be slow longer.
Dowan casts a spell at you. The bolt of fire hits you!!
You die...

#+#####################
#..≈≈≈'.#.'...'.#.#.#.+
#.#§§§#.#.#)).##.#.#.##
'.#§§§#.#.#)).#.#.#.#.#
#.#§§.#...#...##.#.#.#
▓▓▓▓▓▓▓▓▓▓▓▓▓▓#.#.#.#
........≈≈≈...##.#.#.#
≈≈≈≈≈≈≈≈≈≈♣♣P.'.#.#.#.#
♣♣♣♣♣♣♣♣♣♣♣♣PP##@#.#.##
♣♣♣##'##### #ee.+ #...#
#...# #####


You could see Duvessa (fast) and Dowan.

Vanquished Creatures
  Josephine (D)
  A centaur warrior (D)
  A deep elf pyromancer (D)
  An unseen horror (D)
  A shadow (D)
  A spatial vortex (D)
  A necrophage (D)
  2 centaurs (D)
  An earth elemental (D)
  A water elemental (D)
  A jelly (D)
  Crazy Yiuf (D)
  A wizard (D)
  Jessica (D)
  A necromancer (D)
  3 humans (D)
  A kobold demonologist (D)
  2 wandering mushrooms (D)
  An endoplasm (D)
  2 rats (D)
25 creatures vanquished.

Vanquished Creatures (others)
  A wandering mushroom (D)
1 creature vanquished.

Grand Total: 26 creatures vanquished

Notes
Turn   | Place    | Note
-------+----------+-------------------------------------------
     0 | D        | mhtbhm the Troll Berserker began the quest for the Orb.
     0 | D        | Reached XP level 1. HP: 22/22 MP: 0/0
    20 | D        | Noticed Jessica
    23 | D        | Killed Jessica
    23 | D        | Reached ** piety under Trog
    24 | D        | Reached skill level 3 in Axes
    24 | D        | Reached XP level 2. HP: 32/32 MP: 1/1
    25 | D        | Reached XP level 3. HP: 39/39 MP: 2/2
   102 | D        | Reached skill level 4 in Axes
   179 | D        | Noticed Crazy Yiuf
   184 | D        | Killed Crazy Yiuf
   185 | D        | Reached XP level 4. HP: 49/49 MP: 3/3
   242 | D        | Noticed a water elemental
   248 | D        | Killed a water elemental
   249 | D        | Reached skill level 5 in Fighting
   249 | D        | Reached skill level 5 in Axes
   249 | D        | Reached skill level 5 in Dodging
   287 | D        | Found a hide-covered altar of Uskayaw.
   287 | D        | Found an iron altar of Okawaru.
   287 | D        | Found a bloodstained altar of Trog.
   287 | D        | Found an ornate altar of the Wu Jian Council.
   287 | D        | Noticed a human
   288 | D        | Noticed a human
   302 | D        | Killed a human
   302 | D        | Reached *** piety under Trog
   303 | D        | Reached skill level 7 in Axes
   303 | D        | Reached XP level 5. HP: 6/59 MP: 4/4
   303 | D        | Reached XP level 6. HP: 7/67 MP: 5/5
   308 | D        | Killed a human
   309 | D        | Reached skill level 8 in Axes
   362 | D        | Found a radiant altar of Vehumet.
   362 | D        | Found a shimmering blue altar of Sif Muna.
   362 | D        | Found an ancient bone altar of Kikubaaqudgha.
   366 | D        | Noticed a chaos spawn
   371 | D        | Reached **** piety under Trog
   416 | D        | Found a glowing silver altar of Zin.
   416 | D        | Found a glowing golden altar of the Shining One.
   416 | D        | Found a white marble altar of Elyvilon.
   417 | D        | Noticed a deep elf pyromancer
   418 | D        | Noticed a fire elemental
   418 | D        | Noticed a fire elemental
   425 | D        | Killed a deep elf pyromancer
   426 | D        | Reached skill level 10 in Axes
   426 | D        | Reached XP level 7. HP: 50/81 MP: 6/6
   581 | D        | Found a basalt altar of Yredelemnul.
   581 | D        | Found a shadowy altar of Dithmenos.
   581 | D        | Found a sacrificial altar of Ru.
   594 | D        | Reached XP level 8. HP: 67/89 MP: 7/7
   689 | D        | Reached ***** piety under Trog
   799 | D        | Found a blossoming altar of Fedhas.
   799 | D        | Found a stormy altar of Qazlal.
   799 | D        | Found a snail-covered altar of Cheibriados.
   799 | D        | Found a burning altar of Makhleb.
   799 | D        | Found a shimmering altar of Xom.
   800 | D        | Found a hazy altar of Hepliaklqana.
   800 | D        | Found an opulent altar of Gozag.
   800 | D        | Found a sparkling altar of Nemelex Xobeh.
   800 | D        | Found a corrupted altar of Lugonu.
   800 | D        | Found a viscous altar of Jiyva.
   832 | D        | Noticed Josephine
   844 | D        | Killed Josephine
   845 | D        | Reached skill level 12 in Axes
   845 | D        | Reached XP level 9. HP: 93/101 MP: 8/8
   993 | D        | Noticed a centaur warrior
  1001 | D        | Reached skill level 10 in Fighting
  1004 | D        | Killed a centaur warrior
  1004 | D        | Received a gift from Trog
  1005 | D        | Reached skill level 13 in Axes
  1090 | D        | Killed an unseen horror
  1165 | D        | Noticed a wandering mushroom
  1170 | D        | Noticed a wandering mushroom
  1172 | D        | Noticed a wandering mushroom
  1404 | D        | Noticed Dowan
  1404 | D        | Noticed Duvessa
  1426 | D        | Killed from afar by Dowan

Illustrated notes

Levels and vault maps discovered:
D:        dungeon_sprint_mu [sprint_mu_entry_forest, sprint_mu_temple_rooms,
          sprint_mu_d1_horrors, sprint_mu_d2_genie, sprint_mu_d3_branching,
          sprint_mu_orc_legion, sprint_mu_elf_gauntlet, sprint_mu_hive_nellie,
          sprint_mu_lair_fedhas, sprint_mu_vaults_butterflies,
          sprint_mu_slime_circle, sprint_mu_swamp_cave, sprint_mu_shoals_archi,
          sprint_mu_blade_basic, sprint_mu_crypt_lich, sprint_mu_tomb_spiral,
          sprint_mu_vestibule_basic, sprint_mu_gehenna_hellfire,
          sprint_mu_dis_giant, sprint_mu_tartarus_statrot,
          sprint_mu_cocytus_islands, sprint_mu_zot1]

Skill      XL: |  1  2  3  4  5  6  7  8  9 |
---------------+----------------------------+-----
Fighting       | 3 4 6 8 9 10 | 10.7
Axes           | 3 4 7 10 12 13 | 13.3
Dodging        | 3 4 6 7 8 9 |  9.4
Stealth        | |  0.9

Action                   |  1- 3 |  4- 6 |  7- 9 || total
-------------------------+-------+-------+-------++-------
Melee: Hand axe          |    18 |    33 |   153 ||   204
       Punch             |       |       |     2 ||     2
Invok: Berserk           |     3 |     4 |     5 ||    12
  Use: Potion            |       |     1 |     1 ||     2
Armor: Animal skin       |     3 |     9 |    35 ||    47
Dodge: Dodged            |     3 |     9 |    54 ||    66

Table legend: (Time is in decaauts)
 A = Elapsed time spent in this place.
 B = Non-inter-level travel time spent in this place.
 C = Inter-level travel time spent in this place.
 D = Time resting spent in this place.
 E = Time spent auto-exploring this place.
 F = Levels seen in this place.
 G = Mean time per level.
                   A        B        C        D        E       F      G
               +--------+--------+--------+--------+--------+-----+--------+
         Total |   1470 |   1470 |      0 |    985 |     18 |   1 | 1470.0 |
       Dungeon |   1470 |   1470 |      0 |    985 |     18 |   1 | 1470.0 |
               +--------+--------+--------+--------+--------+-----+--------+

Top non-repeatable levels by time:
       D: 1470 daAuts
